AoeStats
← el.peligroso

African Clearing

510371615Analyzed
2v2 RM · 1d ago on Sep 30, 2026· 23m 53s· 4 players
Game mode
Random Map
Map size
Medium (4 player)
Population
200
Speed
Normal
Resources
Standard
Victory
Conquest
Starting age
Dark Age
Ending age
Imperial Age
RankedLock teamsTeams togetherTeam positionsShared explorationLock speedFull tech treeHidden civsTurbo modeCheats
Victory
Defeat
🇪🇸 Teutons · Spain
872
+19
🇪🇸 Magyars · Spain
871
+19
🇬🇧 Persians · United Kingdom
932
-19
🇬🇧 Britons · United Kingdom
931
-19
la.peligrosa
3:32 Loom
13:50 Feudal Age
14:20 Man-at-Arms
21:44 Castle Age
20:19 Double-Bit Axe
el.peligroso
3:36 Loom
13:49 Feudal Age
21:11 Castle Age
20:53 Double-Bit Axe
A Nerdy Egg
13:44 Feudal Age
20:03 Castle Age
18:39 Fletching
19:22 Double-Bit Axe
21:53 Crossbowman
MediumSizedGoose
12:24 Loom
14:19 Feudal Age
17:02 Gold Mining
20:07 Castle Age
18:25 Horse Collar
18:33 Double-Bit Axe
19:18 Bloodlines
20:08 Forging
20:41 Scale Barding Armor
Connection lost

Rejoining the realm…

Still unreachable

The connection could not be restored.

Session expired

The server has moved on; the page needs a fresh start.